 Dungeon Crawl Stone Soup version 0.26.1-10-gdfb7c7de75 (webtiles) character file.

Game seed: 5969102820228515994

37 sankara the Ruffian (level 3, 0/28 HPs)
             Began as a Minotaur Transmuter on Apr 4, 2021.
             Slain by a leopard gecko (1 damage)
             ... on level 2 of the Dungeon.
             The game lasted 00:02:45 (1434 turns).

sankara the Ruffian (Minotaur Transmuter)           Turns: 1434, Time: 00:02:47

Health: 0/28       AC:  2    Str: 14    XL:     3   Next: 21%
Magic:  4/4        EV: 12    Int: 11    God:
Gold:   128        SH:  0    Dex: 10    Spells: 2/5 levels left

rFire    . . .     SeeInvis .     - Unarmed
rCold    . . .     Faith    .   (no shield)
rNeg     . . .     Spirit   .   a - +0 robe
rPois    .         Reflect  .   (helmet currently unavailable)
rElec    .         Harm     .   (no cloak)
rCorr    .         Rampage  .   (no gloves)
Will     .....                  (boots currently unavailable)
Stlth    +.........             (no amulet)
HPRegen  0.09/turn              (no ring)
MPRegen  0.09/turn              (no ring)

@: appendages (expiring), slowed, very slow
A: retaliatory headbutt, horns 2, talons 2
a: End Transformation


You were on level 2 of the Dungeon.
You had grown temporary talons.
You visited 1 branch of the dungeon, and saw 2 of its levels.

You collected 128 gold pieces.

Inventory:

Missiles
 b - 79 sling bullets
 c - 67 stones
Armour
 a - a +0 robe (worn)
 f - a +0 ring mail
Scrolls
 e - a scroll of enchant weapon {unknown}
 i - a scroll of magic mapping {unknown}
 l - a scroll of remove curse {unknown}
Potions
 d - a potion of ambrosia {unknown}
 g - a potion of might {unknown}
 h - a potion of flight {unknown}
 j - a potion of degeneration {unknown}
 k - a potion of curing {unknown}


   Skills:
 - Level 1.2 Fighting
 - Level 2.1 Dodging
 * Level 4.3 Unarmed Combat
 - Level 1.5 Spellcasting
 + Level 2.1 Transmutations


You had 2 spell levels left.
You knew the following spells:

 Your Spells              Type           Power        Failure   Level
a - Beastly Appendage     Tmut           10%          13%         1
b - Wereblood             Tmut           5%           21%         2

Your spell library contained the following spells:

 Spells                   Type           Power        Failure   Level
 Spider Form              Tmut/Pois      1%           52%         3
 Ice Form                 Ice/Tmut       3%           89%         4
 Blade Hands              Tmut           2%           98%         5


Dungeon Overview and Level Annotations

Branches:
Dungeon (2/15)

Altars:

Annotations:
D:2 Natasha


Innate Abilities, Weirdness & Mutations

You reflexively headbutt those who attack you in melee.
You have a pair of horns on your head.
You have razor-sharp toenails.


Message History

Okay, then.
You completely miss Natasha.
Your transformation is almost over.
You barely miss Natasha. Natasha barely misses you.
The leopard gecko bites you.
You hit Natasha.
Natasha is moderately wounded.
Natasha claws you.
The leopard gecko bites you but does no damage.
You hit Natasha. You claw Natasha. Your headbutt misses Natasha.
Natasha is heavily wounded.
Natasha stares at you and mumbles some strange words.
You feel yourself slow down. The leopard gecko barely misses you.
You barely miss Natasha. Your kick misses Natasha.
Your headbutt misses Natasha.
Natasha is heavily wounded.
Natasha claws you!
* * * LOW HITPOINT WARNING * * *
The leopard gecko bites you.
You die...

#....##.#........
#.................
#.....#.##........
##....#.##....#.#
#.#####....#.##.$.....
.............##....#..
#####.................
#.......>...(#####..
#...........@l.....?
#..........#†h.#....
#..........#........
###....#.#.#.#.#....
#.......(#........
#....#...#........
................. .#
##.......##


You could see Natasha and a leopard gecko.

Vanquished Creatures
  A gnoll (D:1)
  2 dart slugs (D:1)
  3 ball pythons
  A hobgoblin (D:1)
  5 kobolds
  4 bats (D:1)
  2 frilled lizards (D:1)
  4 goblins
  4 rats
26 creatures vanquished.

Notes
Turn   | Place    | Note
-------+----------+-------------------------------------------
     0 | D:1      | sankara the Minotaur Transmuter began the quest for the
                  | Orb.
     0 | D:1      | Reached XP level 1. HP: 16/16 MP: 1/1
   379 | D:1      | Reached XP level 2. HP: 23/23 MP: 1/3
   482 | D:1      | Reached skill level 4 in Unarmed Combat
  1016 | D:1      | Reached XP level 3. HP: 28/28 MP: 2/4
  1253 | D:2      | Learned a level 2 spell: Wereblood
  1425 | D:2      | Noticed Natasha
  1434 | D:2      | HP: 1/28 [Natasha (9)]
  1434 | D:2      | Slain by a leopard gecko

Illustrated notes

Levels and vault maps discovered:
D:1:      onia_arrival_mini_spirals, layout_rooms
D:2:      layout_basic, hangedman_decor_lopped, mrwooster_statue_mirror,
          uniq_natasha, uniq_jessica

Skill      XL: |  1  2 |
---------------+-------+-----
Unarmed Combat | 4 |  4.3
Transmutations | 2 |  2.1
Fighting       | |  1.2
Dodging        | |  2.1
Spellcasting   | |  1.5

Action                   || total
-------------------------++-------
Melee: Unarmed           ||    57
       Kick              ||    10
       Punch             ||     1
       Headbutt          ||     2
 Cast: Beastly Appendage ||    22
Armor: Robe              ||    15
Dodge: Dodged            ||    37
